Cogmind - Beta 16.1 @@@ ROGUE MODE // 2026.03.13 @ 20:28:10 Player: Marf Result: Destroyed by S-10 Pest with Light Assault Rifle Performance ------------- Evolutions (2) 1000 Regions Visited (5) 1000 Robots Destroyed (13) 65 Value Destroyed (412) 412 Prototype IDs (0) 0 Alien Tech Used (0) 0 Bonus (105) 105 TOTAL SCORE: 2582 Bonus ------- Follower Combat Kills 105 Cogmind --------- Core Integrity 0/550 Matter 290/300 Energy 39/100 System Corruption 0% Temperature Cool (0) Movement Core (100) Ox1 Location -8/Materials Parts ------- > --- POWER (2) -------- (None) > --- PROPULSION (2) --- (None) > --- UTILITY (5) ------ (None) > --- WEAPON (2) ------- EM Pulse Cannon > --- INVENTORY (5) ---- (None) Peak State ------------ > --- POWER ------------ Nuclear Core Light Nuclear Core > --- PROPULSION ------- Improved Aluminum Leg Carbon-fiber Leg > --- UTILITY ---------- Small Storage Unit Weight Redist. System ECM Suite ECM Suite Light Armor Plating > --- WEAPON ----------- Heavy EM Pulse Gun Plasma Flamer > --- INVENTORY -------- Improved Ion Engine Improved Ion Engine Heavy EM Pulse Gun [Rating: 24] Favorites ----------- Power Light Ion Engine Engine Light Ion Engine Power Core Nuclear Core Propulsion Aluminum Leg Treads Armored Treads Leg Aluminum Leg Utility ECM Suite Device ECM Suite Storage Small Storage Unit Protection Light Armor Plating Weapon Heavy EM Pulse Gun Energy Gun Heavy EM Pulse Gun Energy Cannon EM Pulse Cannon Ballistic Gun Assault Rifle Special Weapon Plasma Flamer Build | -11 -10 -10 -9 -9 -8 ------- Run | Yrd Mat Min Mat Min Mat Slots Evolved 4 | . . . 2 . 2 Power 1 | . . . . . 1 Propulsion . | . . . . . . Utility 3 | . . . 2 . 1 Weapon . | . . . . . . Parts Attached 24 | 6 4 1 4 . 9 Power 6 | 1 . . 1 . 4 Engine 4 | 1 . . 1 . 2 Core 2 | . . . . . 2 Reactor . | . . . . . . Propulsion 5 | 2 . . 1 . 2 Treads 1 | . . . . . 1 Leg 4 | 2 . . 1 . 1 Wheel . | . . . . . . Hover . | . . . . . . Flight . | . . . . . . Utility 6 | 1 1 . 2 . 2 Device 4 | . 1 . 2 . 1 Storage 1 | 1 . . . . . Processor . | . . . . . . Hackware . | . . . . . . Protection 1 | . . . . . 1 Artifact . | . . . . . . Weapon 7 | 2 3 1 . . 1 Energy Gun 2 | . 2 . . . . Energy Cannon 1 | . . . . . 1 Ballistic Gun 2 | 2 . . . . . Ballistic Cannon . | . . . . . . Launcher . | . . . . . . Special Weapon 2 | . 1 1 . . . Impact Weapon . | . . . . . . Slashing Weapon . | . . . . . . Piercing Weapon . | . . . . . . Special Melee Weapon . | . . . . . . Unidentified Prototypes . | . . . . . . Parts Lost 15 | . . . . . 15 Power 4 | . . . . . 4 Propulsion 2 | . . . . . 2 Utility 5 | . . . . . 5 Weapon 4 | . . . . . 4 Highest Loss Streak 12 | . . . . . 12 To Critical Strikes . | . . . . . . Average Backups 1 | . . 1 2 2 2 Power . | . . . . . 1 Propulsion . | . . . . . . Utility . | . . . . . . Weapon 1 | . . . 2 2 1 Tool/Special . | . . . . . . Unused Backups 1 | . . . . . 1 Power . | . . . . . . Propulsion 1 | . . . . . 1 Utility . | . . . . . . Weapon . | . . . . . . Tool/Special . | . . . . . . Average Slot Usage (%) 91 | . 97 97 94 100 85 Engine 9 | . 14 14 11 11 5 Core 4 | . . . . . 9 Leg 20 | . 28 28 22 22 14 Device 22 | . 12 14 27 33 25 Storage 10 | . 14 14 11 11 8 Protection 2 | . . . . . 6 Energy Gun 9 | . 24 16 . . 5 Special Weapon 11 | . . 9 22 22 10 Peak Build Rating 24 | 6 10 13 16 16 24 Average Rating 14 | 3 9 10 14 16 18 On Entrance 10 | . 6 10 12 16 16 Avg Prop Armor Cover (%) 5 | . . . . . 5 Naked Turns . | . . . . . . Heaviest Build 30 | 11 14 14 20 20 30 Greatest Support 34 | 20 26 26 29 29 34 Greatest Overweight (x) 7 | 2 . . . . 7 Average Overweight (x) . | . . . . . . Largest Inventory Capacity 8 | 8 8 8 8 8 8 Average Capacity 7 | 7 8 8 8 8 7 Most Carried 5 | 2 2 3 4 2 5 Average Carried 1 | . . 1 2 2 2 Final Capacity 8 | 8 8 8 8 8 5 Final Carried 2 | . 1 2 2 2 . Class Distribution -------------------- 100% | Mutant Dominant Class ---------------- Mutant | -10/Materials Mutant | -10/Mines Mutant | -9/Materials Mutant | -9/Mines Mutant | -8/Materials Resources | -11 -10 -10 -9 -9 -8 ----------- Run | Yrd Mat Min Mat Min Mat Matter Collected 566 | 193 45 . . 99 229 Remotely . | . . . . . . Salvage Created 386 | . 72 . . . 314 Parts 18 | . 7 . . . 11 Haulers Intercepted . | . . . . . . Recyclers Shooed 1 | . . . . 1 . Parts Field Recycled . | . . . . . . Retrieved Matter . | . . . . . . Parts Self-Destructed . | . . . . . . Prevented . | . . . . . . Parts Restored . | . . . . . . Kills | -11 -10 -10 -9 -9 -8 ------- Run | Yrd Mat Min Mat Min Mat Combat Hostiles Destroyed 9 | . 3 . . . 6 Guns 3 | . 1 . . . 2 Cannons 3 | . . . . . 3 AOE 2 | . 2 . . . . Classes Destroyed 4 | . 2 . . . 2 Watcher 4 | . 2 . . . 2 Swarmer 3 | . 3 . . . . Grunt 5 | . . . . . 5 Sentry 1 | . . . . . 1 Best Kill Streak 3 | . 3 . . . 3 Combat Bots Only 3 | . 3 . . . 2 Max Kills in Single Turn 2 | . 2 . . . 1 Gunslinging . | . . . . . . Exploded 2 | . 2 . . . . Melee . | . . . . . . Uniques/NPCs Destroyed . | . . . . . . Combat | -11 -10 -10 -9 -9 -8 -------- Run | Yrd Mat Min Mat Min Mat Hostile Shots Fired 170 | . 15 . . 5 150 Missed 53 | . 3 . . 2 48 Hits 117 | . 12 . . 3 102 Projectile 117 | . 12 . . 3 102 AOE 1 | . . . . . 1 Critical Strikes 2 | . . . . . 2 Damage Taken 1705 | . 140 . . 23 1542 Core 600 | . 47 . . . 553 Absorbed by Shields 86 | . . . . . 86 Core Remaining (%) 93 | 100 . 81 . 100 . Volleys Fired 58 | . 15 . . 2 41 Largest 2 | . 2 . . 2 2 Hottest 145 | . 90 . . 120 145 Shots Fired 91 | . 27 . . 4 60 Gun 51 | . 24 . . . 27 Cannon 1 | . . . . . 1 Launcher . | . . . . . . Special 39 | . 3 . . 4 32 Kinetic . | . . . . . . Thermal 39 | . 3 . . 4 32 Explosive . | . . . . . . Electromagnetic 52 | . 24 . . . 28 Robot Hit Streak 6 | . 3 . . 2 6 Robot Miss Streak 4 | . 3 . . 3 4 Penetration Max . | . . . . . . Secondary Targets . | . . . . . . Shots Hit Robots 41 | . 8 . . 2 31 Core Hits 25 | . 5 1 . . 19 Critical Kills . | . . . . . . Critical Parts Destroyed . | . . . . . . Critical Strikes 6 | . . . . 1 5 Burn 6 | . . . . 1 5 Melee Attacks . | . . . . . . Impact . | . . . . . . Slashing . | . . . . . . Piercing . | . . . . . . Sneak Attacks . | . . . . . . Combat Hostiles . | . . . . . . Follow-up Attacks . | . . . . . . Damage Inflicted 778 | . 273 4 . 21 480 Guns 370 | . 161 . . . 209 Cannons . | . . . . . . Explosions 112 | . 112 . . . . Melee . | . . . . . . Ramming 28 | . . 4 . 5 19 Kinetic . | . . . . . . Thermal 380 | . 112 . . 16 252 Explosive . | . . . . . . Electromagnetic 370 | . 161 . . . 209 Impact . | . . . . . . Slashing . | . . . . . . Piercing . | . . . . . . Highest Corruption . | . . . . . . Average Corruption . | . . . . . . Corruption Purged . | . . . . . . Corruption Blocked . | . . . . . . Overload Shots . | . . . . . . Overflow Damage 7 | . 7 . . . . Projectiles . | . . . . . . Explosions 7 | . 7 . . . . Melee . | . . . . . . Knockbacks . | . . . . . . Impact . | . . . . . . Kinetic . | . . . . . . Secondary . | . . . . . . Self-Inflicted Damage 41 | . 40 . . . 1 Shots 1 | . 1 . . . . Rammed 2 | . . . . . 2 Targets Rammed 6 | . . 1 . 1 4 Kicked 4 | . . 1 . 1 2 Crushed . | . . . . . . Highest Temperature 579 | . 132 . . 86 579 Average Temperature 188 | . 47 . . 43 224 Received Heat Transfer 577 | . . . . . 577 Effects 28 | . . . . . 28 Shutdowns 10 | . . . . . 10 Energy Bleed 5 | . . . . . 5 Interference 2 | . . . . . 2 Matter Decay 2 | . . . . . 2 Damage (minor) 3 | . . . . . 3 Damage (major) 4 | . . . . . 4 Damage (core) 2 | . . . . . 2 Siege Activations . | . . . . . . Martial Activations . | . . . . . . Shielding Activations . | . . . . . . Robots Disrupted 3 | . . . . . 3 Combat Hostiles 3 | . . . . . 3 Robots Corrupted . | . . . . . . Combat Hostiles . | . . . . . . Parts Fried 1 | . . . . . 1 Impact Corruptions . | . . . . . . Robots Melted . | . . . . . . Combat Hostiles . | . . . . . . Parts Melted 6 | . 1 . . . 5 Heat Transferred 2760 | . 150 . . 265 2345 Parts Sabotaged . | . . . . . . Parts Stolen . | . . . . . . Parts Stripped . | . . . . . . Power Chain Reactions 2 | . 2 . . . . Alert | -11 -10 -10 -9 -9 -8 ------- Run | Yrd Mat Min Mat Min Mat Maximum Alert Level . | . . . . . . Low Security (%) 100 | 100 100 100 100 100 100 Level 1 . | . . . . . . Level 2 . | . . . . . . Level 3 . | . . . . . . Level 4 . | . . . . . . Level 5 . | . . . . . . High Security . | . . . . . . Max Security . | . . . . . . Peak Influence 114 | . 87 18 14 . 114 Initial 18 | . . 18 . . . Average 30 | . 48 2 1 . 49 Influence Increases 411 | . 128 . 14 . 269 Destroy 0b10 Robot/C 240 | . 60 . . . 180 Destroy 0b10 Robot/NC 20 | . 10 . . . 10 Destroy Leader 58 | . 14 . . . 44 Allied During Kill 9 | . . . . . 9 Successful Hack 32 | . 7 . 14 . 11 Disable Machine 30 | . 30 . . . . Destroy Structure 7 | . 7 . . . . Lose Combat Pursuer 15 | . . . . . 15 Influence Decreases 411 | . 80 48 14 . 269 Entered New Map 30 | . . 30 . . . Time Decay 304 | . 80 18 14 . 192 Lost Part 57 | . . . . . 57 Lost Ally 20 | . . . . . 20 Squads Dispatched 4 | . . . 2 . 2 Investigation 3 | . . . 2 . 1 Extermination . | . . . . . . Reinforcement 1 | . . . . . 1 Assault . | . . . . . . Garrison . | . . . . . . Intercept . | . . . . . . Searches Triggered . | . . . . . . Construction Impeded . | . . . . . . Haulers Reinforced . | . . . . . . Active Scanning Responses . | . . . . . . Cargo Convoy Interrupts . | . . . . . . Stealth | -11 -10 -10 -9 -9 -8 --------- Run | Yrd Mat Min Mat Min Mat Distress Signals 4 | . . . . . 4 Communications Jammed . | . . . . . . Distress Signals . | . . . . . . Times Spotted 46 | . 6 . . 3 37 Peak Tracking Total 11 | . 3 . . 3 11 Tactical Retreats 7 | . . . . . 7 ECM-based Alert Blocks 18 | . . . . . 18 Traps | -11 -10 -10 -9 -9 -8 ------- Run | Yrd Mat Min Mat Min Mat Traps Triggered . | . . . . . . Indirectly . | . . . . . . Trap Hack Attempts . | . . . . . . Triggered . | . . . . . . Disarmed . | . . . . . . Reprogrammed . | . . . . . . Reused . | . . . . . . Traps Extracted . | . . . . . . Installed . | . . . . . . Triggered . | . . . . . . Machines | -11 -10 -10 -9 -9 -8 ---------- Run | Yrd Mat Min Mat Min Mat Machines Disabled 2 | . 2 . . . . Max in Single Turn 1 | . 1 . . . . Machines Repaired . | . . . . . . Machines Dismantled . | . . . . . . Machines Sabotaged . | . . . . . . Overloaded Fab Kills . | . . . . . . Hacking | -11 -10 -10 -9 -9 -8 --------- Run | Yrd Mat Min Mat Min Mat Machines Accessed 8 | . 1 . 4 . 3 Terminals 7 | . 1 . 4 . 2 Fabricators . | . . . . . . Repair Stations . | . . . . . . Recycling Units . | . . . . . . Scanalyzers 1 | . . . . . 1 Garrison Access . | . . . . . . Total Hacks 24 | . 6 . 11 . 7 Successful 13 | . 3 . 5 . 5 Failed 10 | . 3 . 6 . 1 Catastrophic 1 | . . . 1 . . Database Lockouts 1 | . . . . . 1 Manual . | . . . . . . Terminals 21 | . 6 . 11 . 4 Fabricators . | . . . . . . Repair Stations . | . . . . . . Recycling Units . | . . . . . . Scanalyzers 3 | . . . . . 3 Garrison Access . | . . . . . . Terminal Hacks 11 | . 3 . 5 . 3 Record 3 | . 2 . 1 . . Emergency Access Points 1 | . . . . . 1 Alert Level 1 | . . . . . 1 Dispatch Records 1 | . . . 1 . . Patrol Status 1 | . . . 1 . . Transport Status 1 | . . . 1 . . Assault Status 1 | . 1 . . . . Recall Investigation 1 | . . . . . 1 Registered Prototypes 1 | . . . 1 . . Fabricator Hacks . | . . . . . . Repair Station Hacks . | . . . . . . Recycling Unit Hacks . | . . . . . . Scanalyzer 2 | . . . . . 2 Retrieve Study 2 | . . . . . 2 Garrison Access Hacks . | . . . . . . Unauthorized Hacks . | . . . . . . Terminals . | . . . . . . Fabricators . | . . . . . . Repair Stations . | . . . . . . Recycling Units . | . . . . . . Scanalyzers . | . . . . . . Garrison Access . | . . . . . . Data Cores Recovered . | . . . . . . Used . | . . . . . . Hacking Detections 6 | . 1 . 3 . 2 Full Trace Events 5 | . 1 . 3 . 1 Feedback Events . | . . . . . . Feedback Blocked . | . . . . . . Robot Schematics Acquired . | . . . . . . Robots Built . | . . . . . . Authchips . | . . . . . . Time . | . . . . . . Total Robot Build Rating . | . . . . . . Part Schematics Acquired . | . . . . . . Parts Built . | . . . . . . Authchips . | . . . . . . Time . | . . . . . . Total Part Build Rating . | . . . . . . Part Studies Acquired 2 | . . . . . 2 Parts Repaired . | . . . . . . Time . | . . . . . . Parts Recycled . | . . . . . . Recycled Matter . | . . . . . . Retrieved Matter . | . . . . . . Retrieved Components . | . . . . . . Parts Scanalyzed . | . . . . . . Part Schematics Acquired . | . . . . . . Parts Damaged . | . . . . . . Bothacking | -11 -10 -10 -9 -9 -8 ------------ Run | Yrd Mat Min Mat Min Mat Used RIF Installer . | . . . . . . Robots Hacked . | . . . . . . Non-combat . | . . . . . . Combat . | . . . . . . Robot Hacks Applied . | . . . . . . Relay Couplers Released . | . . . . . . Fabnet Peak Effective % . | . . . . . . Robots Rewired . | . . . . . . Allies Hacked . | . . . . . . Hacks Repelled . | . . . . . . Allies | -11 -10 -10 -9 -9 -8 -------- Run | Yrd Mat Min Mat Min Mat Total Allies 1 | . . . . 1 . Largest Group 1 | . . . . 1 1 Highest-Rated Group 31 | . . . . 31 31 Highest-Rated Ally 31 | . . . . 31 31 Total Orders . | . . . . . . Ally Attacks 24 | . . . . . 24 Total Damage 332 | . . . . . 332 Kills 3 | . . . . . 3 Allies Corrupted . | . . . . . . Allies Melted . | . . . . . . Intel | -11 -10 -10 -9 -9 -8 ------- Run | Yrd Mat Min Mat Min Mat Active Infowar (turns) 365 | . . . 9 . 356 ECM 365 | . . . 9 . 356 Robot Analysis Total . | . . . . . . Derelict Logs Recovered . | . . . . . . Drone Launches . | . . . . . . Drone Recoveries . | . . . . . . Exploration | -11 -10 -10 -9 -9 -8 ------------- Run | Yrd Mat Min Mat Min Mat Turns Passed 1200 | 51 217 170 159 96 507 Spaces Moved 703 | 34 131 138 123 67 210 Core 68 | 12 . . . . 56 Treads . | . . . . . . Legs 635 | 22 131 138 123 67 154 Wheels . | . . . . . . Hover . | . . . . . . Flight . | . . . . . . Fastest Speed 50 | 50 120 120 120 120 50 Average Speed 125 | 115 120 120 120 120 138 Slowest Speed 400 | 150 120 120 120 120 400 Overloaded Moves . | . . . . . . Propulsion Burnouts . | . . . . . . Robots Hopped . | . . . . . . Potential Cave-ins . | . . . . . . Cave-ins Triggered . | . . . . . . Exploration Rate (%) 19 | 3 27 37 15 18 19 Regions Visited 5 Branch Regions 2 Pre-discovered Areas 1 | . . . . 1 . Known Exits Taken . | . . . . . . Unknown Exits Taken 5 | 1 1 1 1 1 . Scrap Searched 1 | . . . . 1 . Spaces Dug . | . . . . . . Terrain Destroyed 6 | . 6 . . . . Melee . | . . . . . . Projectile . | . . . . . . AOE 6 | . 6 . . . . Terrain Rammed . | . . . . . . Walls Destroyed . | . . . . . . Machines Disabled . | . . . . . . Actions | -11 -10 -10 -9 -9 -8 --------- Run | Yrd Mat Min Mat Min Mat Total 907 | 45 162 142 134 77 347 Wait 75 | . 4 . 2 8 61 Move 698 | 33 130 137 122 66 210 Hop . | . . . . . . Pick Up 25 | 6 4 1 4 . 10 Fast Attach . | . . . . . . Attach 20 | 6 2 1 2 . 9 Detach 2 | . 1 1 . . . Swap 14 | . 4 1 2 . 7 Drop 9 | . 2 . 2 . 5 Fire 58 | . 15 . . 2 41 Melee . | . . . . . . Ram 2 | . . . . . 2 Kick 4 | . . 1 . 1 2 Crush . | . . . . . . Escape Stasis . | . . . . . . Rewire . | . . . . . . Trap . | . . . . . . Miscellaneous . | . . . . . . Route ------- -11/Scrapyard -10/Materials -10/Mines -9/Materials -9/Mines -8/Materials History --------- Turn | Location | Event 25 | -11/Scrapyard | Discovered new exit (range 15) 52 | -11/Scrapyard | Entered Materials 207 | -10/Materials | Discovered new exit (range 16) 269 | -10/Materials | Entered Mines 306 | -10/Mines | Build established: Mutant 359 | -10/Mines | A weapon hastily lodged in a ceiling crevice suddenly fell to the ground 429 | -10/Mines | Discovered new exit (range 4) 435 | -10/Mines | Assembled infested the area 439 | -10/Mines | Entered Materials 439 | -9/Materials | Evolved 2 slots: Utility x2 580 | -9/Materials | Discovered new exit (range 16) 598 | -9/Materials | Entered Mines 603 | -9/Mines | Escorted by a lone wolf Derelict 623 | -9/Mines | Learned location of Storage (-8) 660 | -9/Mines | Discovered new exit (range 13) 672 | -9/Mines | Received a Rocket Launcher from a helpful Derelict 694 | -9/Mines | Entered Materials 694 | -8/Materials | Accompanied by 1 ally 694 | -8/Materials | Evolved 2 slots: Power x1, Utility x1 848 | -8/Materials | Central database locked down 1164 | -8/Materials | Core integrity fell below 50% 1183 | -8/Materials | Core integrity fell below 20% 1201 | -8/Materials | Destroyed by S-10 Pest with Light Assault Rifle Last Messages --------------- U-05 Engineer lays Concrete. K-01 Serf collects debris. R-06 Scavenger collects Lgt. Ion Engine. U-05 Engineer lays Concrete. U-05 Engineer builds a Wall. U-05 Engineer lays Concrete. R-06 Scavenger collects Lgt. Ion Engine. U-05 Engineer lays Concrete. K-01 Serf collects debris. Sml. Storage Unit destroyed. K-01 Serf collects debris. U-05 Engineer lays Concrete. R-06 Scavenger collects Hvy. Assault Rifle. U-05 Engineer lays Concrete. K-01 Serf collects debris. U-05 Engineer lays Concrete. U-05 Engineer builds a Wall. K-01 Serf collects debris. Acquired EM Pulse Cannon. ECM Suite destroyed. Map ----- +----------------------------------------------------+ | ?????????????????????????????????????????????????? | | ?????????????????? #????????????????????????????? | | ################ #????????????????????????????? | | + ???????????????????????????? | | ? ^ #????????????????????????????? | | ??? = #????????????????????????????? | | ?###" ! %* #????????????????????????????? | | ?# " % %* % #????????????????????????????? | | ?#"""## ###"""#???????????????????????????????? | | ##" [% = " #???????????????????????????????? | | # " "##???????????????????????????????? | | # " # #???????""??????????????????????? | | # " " #???????? ?????????????????????? | | ##" % "#?????????? ????????????????????? | | ?#""""" ##/#"#?????????? ????????????????????? | | ?### #%###??????????? ???????????????????? | | ???# """ #%#???????###?###+###????????????????? | | ???# """ #%#########T### ############ #?? | | ???# """ # % ?? | | ???# + % ?? | | ???# """ """# % ?? | | ???# """ R"####/######+### #%! #####????????? | | ???# """ """## g # #######![ #????????????? | | ???# ## s ##????# #????????????? | | ???########### #s #????# #????????????? | | ?????????????# """ # @##????# #????????????? | | ?????????????# """ # "Y" #?????# #????????????? | | ?????????????# """ # """ #????## #????????????? | | ?????????????# ########????#" #????????????? | | ?????????????# #???????????#T #????????????? | | ?????????????# "" #???????????#" #????????????? | | ?????????????# S"" #???????????## #????????????? | | ?????????????# "" #????????????# #????????????? | | ?????????????# #????????????# #????????????? | | ?????????????#######????????????# #????????????? | | ????????????????????????????????# ############## | | ????????????????????????????????# | | ????????????????????????????????# | | ????????????????????????????????# | | ????????????????????????????????################## | | ????????????????????????????????????????????????# | | ????????????????????????????????????????????????# | | ????????????????????????????????????????????????# | | ????????????????????????????????????????????????# | | ????????????????????????????????????????????????# | | ????????????????????????????????????????????????# | | ????????????????????????????????????????????????## | | | | | | | +----------------------------------------------------+ Best States ------------- Heat Dissipation 31 Energy Generation 25 Energy Capacity 430 Matter Stores 300 Matter Capacity 300 Sight Range 16 Terrain Scan Density 10 ECM Strength 2 Additional Mass Support 6 Armor Coverage 150 Evasion (%) 55 Item Schematics ----------------- None Robot Schematics ------------------ None Fabricated ------------ Nothing Repaired ---------- Nothing Studied --------- Nuclear Core | -8/Materials | Hacked Aluminum Leg | -8/Materials | Hacked Alien Tech Used ----------------- None Achievements -------------- None Challenges ------------ None Game ------ Seed SurgeSpliceModule Manual? 0 Play Time 00:23:02 Cumulative 5.2 hours Start 2026.03.13 @ 20:01:21 End 2026.03.13 @ 20:28:10 Sessions 1 Manual Loads 0 Difficulty Rogue Special Mode None Game No. 16 Rogue 16 Adventurer 0 Explorer 0 Win Type - Total 0 Types 0/0/0/0/0/0/0/0/0/0 Lore% 5 Gallery% 9 Achievement% 9 Wizard Run 0 Options --------- Layout 1 ASCII 0 Keyboard 0 Movement Mouse Keybinds 0 Fullscreen 1 Font 24/Smallcaps Map View 25x17 Zoom Use 98% Tactical HUD 0 Map Filters NONE Filters NONE Steam 1 RUN: c589e888-95cb-44b2-be25-b0eca8208056